 Dungeon Crawl Stone Soup version 0.29-a0-384-g6960b1960d (webtiles) character file.

Game seed: 16591751317323402347

4405 swappor the Cleaver (level 10, -2/139 HPs)
             Began as a Minotaur Berserker on May 7, 2022.
             Was a High Priest of Trog.
             Killed from afar by an electric eel (12 damage)
             ... with a bolt of electricity
             ... in a bailey.
             The game lasted 00:26:46 (9944 turns).

swappor the Cleaver (Minotaur Berserker)            Turns: 9944, Time: 00:26:47

Health: -2/139     AC: 12    Str: 23    XL:     10   Next: 14%
Magic:  9/9        EV: 11    Int:  8    God:    Trog [*****.]
Gold:   690        SH:  5    Dex: 14    Spells: 9/9 levels left

rFire   . . .      SeeInvis .   x - +0 broad axe
rCold   . . .      Faith    .   c - +0 buckler
rNeg    . . .      Spirit   .   m - +0 plate armour
rPois   .          Reflect  .   (helmet restricted)
rElec   .          Harm     .   (no cloak)
rCorr   +          Rampage  .   (no gloves)
Will    .....                   (no boots)
Stlth   ..........              (no amulet)
HPRegen 0.33/turn               E - +4 ring of evasion
MPRegen 0.11/turn               f - ring of Buifydu {rCorr Str+2 Dex+3}

@: berserking, very quick
A: horns 2, retaliatory headbutt
a: Renounce Religion, Berserk, Trog's Hand, Brothers in Arms


You were in a bailey.
You worshipped Trog.
Trog was extremely pleased with you.
You visited 2 branches of the dungeon, and saw 8 of its levels.
You also visited: Sewer, Ossuary and Bailey.

You collected 690 gold pieces.

Inventory:

Hand Weapons
 d - a +3 trident of venom
   (You took it off an orc on level 3 of the Dungeon)
 x - a +0 broad axe (weapon)
   (You took it off an orc warrior in a bailey)
Missiles
 n - 24 poisoned darts (quivered)
 q - 3 throwing nets {!d}
 y - 7 curare-tipped darts
 z - 3 silver javelins
Armour
 c - a +0 buckler (worn)
   (You found it on level 3 of the Dungeon)
 m - a +0 plate armour (worn)
   (You found it on level 3 of the Dungeon)
Jewellery
 f - the ring of Buifydu (right hand) {rCorr Str+2 Dex+3}
   (You found it on level 4 of the Dungeon)

   [ring of resist corrosion]

   Str:       It affects your strength (+2).
   Dex:       It affects your dexterity (+3).
   rCorr:     It protects you from acid and corrosion.
 C - a ring of protection from cold {rC+, !d}
   (You found it on level 1 of the Dungeon)
 E - a +4 ring of evasion (left hand)
   (You found it on level 1 of the Dungeon)
Wands
 e - a wand of charming (8)
   (You found it on level 5 of the Dungeon)
 p - a wand of paralysis (5)
   (You found it on level 4 of the Dungeon)
Scrolls
 g - a scroll of fog
 i - a scroll of amnesia {unknown}
 j - 2 scrolls of noise {!r}
 l - 2 scrolls of poison {unknown}
 o - 4 scrolls of enchant weapon
 r - a scroll of fear {unknown}
 t - 2 scrolls of torment {unknown}
 u - 2 scrolls of blinking {unknown}
 w - a scroll of immolation {unknown}
 Y - 2 scrolls of teleportation {@r3}
Potions
 b - a potion of lignification {unknown}
 h - 2 potions of flight {unknown}
 k - 2 potions of attraction {unknown}
 s - 3 potions of curing {unknown}
 v - a potion of brilliance {unknown}
 H - a potion of haste
 I - 3 potions of invisibility
 N - 2 potions of heal wounds {@q2}
 R - 5 potions of resistance


   Skills:
 - Level 10.0 Fighting
 + Level 13.7 Axes
 - Level 5.0 Armour
 - Level 2.2 Dodging
 - Level 5.0 Shields


You had 9 spell levels left.
You didn't know any spells.
Your spell library was empty.

Dungeon Overview and Level Annotations

Branches:
Dungeon (7/15)             Temple (1/1) D:4           Sewer (visited)
Ossuary (visited)          Bailey (1/1)

Altars:
Ashenzari
Cheibriados
Dithmenos
Elyvilon
Fedhas
Gozag
Hepliaklqana
Kikubaaqudgha
Makhleb
Nemelex Xobeh
Okawaru
Qazlal
Ru
Sif Muna
Trog
Uskayaw
Vehumet
Wu Jian
Xom
Yredelemnul
Zin
The Shining One

Shops:
D:1 (


Innate Abilities, Weirdness & Mutations

You have a pair of horns on your head.
You reflexively headbutt those who attack you in melee.


Message History

An orc warrior comes into view. It is wielding a +0 war axe.
You regained 2 hp, and now have 78/93 hp.
The orc warrior shouts!
An electric eel comes into view.
The electric eel shoots out a bolt of lightning at you!
The bolt of electricity hits you!
You take 7 damage, and have 71/93 hp.
You closely miss the orc warrior. Your headbutt misses the orc warrior.
The orc warrior hits you with a +0 war axe.
You take 5 damage, and have 66/93 hp.
You closely miss the orc warrior.
The orc warrior hits you with a +0 war axe!
You take 10 damage, and have 56/93 hp.
You slice the orc warrior!! You block the orc warrior's attack.
You closely miss the orc warrior. You block the orc warrior's attack.
You barely miss the orc warrior. Your headbutt misses the orc warrior.
The orc warrior hits you with a +0 war axe.
You take 6 damage, and have 50/93 hp.
You closely miss the orc warrior. You headbutt the orc warrior.
The orc warrior hits you with a +0 war axe.
You take 4 damage, and have 46/93 hp.
You hit the orc warrior.
You hit the electric eel but do no damage.
The orc warrior hits you with a +0 war axe.
You take 3 damage, and have 43/93 hp.
You slash the electric eel!
You kill the electric eel!
Trog accepts your kill.
You hear a splash.
You hit the orc warrior but do no damage.
The orc warrior misses you. You furiously retaliate!
You headbutt the orc warrior!
An electric eel comes into view.
You enter the shallow water.
Moving in this stuff is going to be slow.
The orc warrior hits you with a +0 war axe.
The electric eel shoots out a bolt of lightning at you!
The bolt of electricity misses you.
You see here an electric eel corpse.
You take 1 damage, and have 42/93 hp.
You closely miss the orc warrior. You block the orc warrior's attack.
You closely miss the orc warrior.
The electric eel shoots out a bolt of lightning at you!
The bolt of electricity hits you. The orc warrior barely misses you.
You take 6 damage, and have 37/93 hp.
You closely miss the orc warrior.
The electric eel shoots out a bolt of lightning at you!
The bolt of electricity hits you.
The orc warrior hits you with a +0 war axe.
You take 6 damage, and have 31/93 hp.
Your unstable footing causes you to fumble your attack.
The orc warrior hits you with a +0 war axe!
* * * LOW HITPOINT WARNING * * *
You take 8 damage, and have 23/93 hp.
You block the orc warrior's attack.
The electric eel shoots out a bolt of lightning at you!
The bolt of electricity hits you.
* * * LOW HITPOINT WARNING * * *
The orc warrior misses you.
You take 4 damage, and have 19/93 hp.
The electric eel shoots out a bolt of lightning at you!
The bolt of electricity misses you.
The electric eel shoots out a bolt of lightning at you!
The bolt of electricity hits you.
* * * LOW HITPOINT WARNING * * *
You block the orc warrior's attack.
You take 4 damage, and have 15/93 hp.
The orc warrior attacks as you move away!
The orc warrior hits you with a +0 war axe.
* * * LOW HITPOINT WARNING * * *
You take 3 damage, and have 12/93 hp.
The orc warrior attacks as you move away!
The orc warrior closely misses you. You furiously retaliate!
You headbutt the orc warrior, but do no damage.
The electric eel shoots out a bolt of lightning at you!
The bolt of electricity hits you!
* * * LOW HITPOINT WARNING * * *
You take 10 damage, and have 2/93 hp.
You feel much better. The orc warrior barely misses you.
You regained 20 hp, and now have 22/93 hp.
The orc warrior attacks as you move away!
The orc warrior hits you with a +0 war axe!
* * * LOW HITPOINT WARNING * * *
There is an open door here.
You take 13 damage, and have 9/93 hp.
The orc warrior attacks as you move away!
You block the orc warrior's attack.
A red film seems to cover your vision as you go berserk!
You feel yourself moving faster!
You feel mighty!
The orc warrior hits you with a +0 war axe.
* * * LOW HITPOINT WARNING * * *
You now have 10/139 hp.
You closely miss the orc warrior. Your headbutt misses the orc warrior.
You slash the orc warrior!
You feel the power of Trog in you as your rage grows.
You kill the orc warrior!
Trog accepts your kill.
The electric eel shoots out a bolt of lightning at you!
The bolt of electricity hits you!
You die...

≈≈≈ ≈≈≈ ≈≈≈≈
≈≈≈≈ ####≈≈≈
≈≈≈≈≈ '.....
≈≈≈≈≈≈###..#
≈≈≈≈≈≈#....#
≈≈≈≈≈≈#)@..#
≈≈≈≈≈≈#'#'##
≈≈≈≈≈≈≈†.#..#
≈≈≈≈≈≈≈S.#..#
≈≈≈≈≈≈≈≈.#..#
≈≈≈≈≈≈≈≈.#..#
≈≈≈≈≈≈≈≈.#..#
≈≈≈≈≈≈≈≈.##'#
≈≈≈≈≈≈≈≈.#..#


You could see an electric eel.

Vanquished Creatures
  A two-headed ogre (D:4)
  Pikel (D:3)
  The ghost of lyrixa the Cudgeller, a novice DsWn of Gozag (D:5)
  Grinder (D:6)
  Sigmund (D:2)
  A wyvern (D:5)
  3 ice beasts
  6 orc warriors (Bailey)
  A phantom (D:5)
  An elf zombie (Ossuary)
  3 lemures (D:3)
  6 kobold brigands
  A scorpion (D:2)
  A jelly (D:6)
  A vampire bat (D:3)
  4 electric eels (Bailey)
  4 hounds
  2 orc priests
  A gnoll shaman (D:4)
  2 iguanas
  An orc wizard (D:6)
  3 mummies
  16 gnolls
  13 adders
  2 river rats (Sewer)
  A shadow imp (D:6)
  2 ufetubi
  5 worms
  3 fire bats (D:3)
  16 orcs
  2 spectral bats (D:3)
  3 bat skeletons (D:3)
  A bat zombie (D:3)
  10 endoplasms
  5 giant cockroaches
  5 gnoll zombies (Ossuary)
  13 goblins
  12 hobgoblins
  3 jackals (D:1)
  16 kobolds
  4 quokkas
  12 ball pythons
  10 bats
  A bat simulacrum (D:3)
  5 frilled lizards
  2 goblin zombies (Ossuary)
  3 hobgoblin zombies
  A kobold zombie (D:6)
  4 orc zombies (Ossuary)
  14 rats
230 creatures vanquished.

Notes
Turn   | Place    | Note
-------+----------+-------------------------------------------
     0 | D:1      | swappor the Minotaur Berserker began the quest for the Orb.
     0 | D:1      | Reached XP level 1. HP: 19/19 MP: 0/0
   189 | D:1      | Reached skill level 4 in Axes
   210 | D:1      | Reached XP level 2. HP: 23/27 MP: 1/1
   401 | D:1      | Found Pickiney's Antique Weapon Shop.
   719 | D:2      | Reached skill level 5 in Axes
   784 | D:2      | Reached ** piety under Trog
   785 | D:2      | Reached XP level 3. HP: 33/33 MP: 2/2
   940 | D:2      | Noticed a scorpion
   949 | D:2      | Killed a scorpion
   950 | D:2      | Reached skill level 6 in Axes
   950 | D:2      | Reached skill level 4 in Fighting
   950 | D:2      | Reached XP level 4. HP: 41/41 MP: 3/3
  1358 | D:2      | Found a faded altar of an unknown god.
  1442 | D:2      | Reached skill level 5 in Fighting
  1442 | D:2      | Reached XP level 5. HP: 48/48 MP: 4/4
  2034 | D:2      | Noticed Sigmund
  2046 | D:2      | Killed Sigmund
  2047 | D:2      | Reached skill level 6 in Fighting
  2047 | D:2      | Reached XP level 6. HP: 45/58 MP: 5/5
  2170 | D:3      | Reached skill level 7 in Fighting
  2490 | D:3      | Reached *** piety under Trog
  2740 | D:3      | Reached skill level 8 in Fighting
  3128 | D:4      | Noticed Pikel
  3317 | D:3      | HP: 13/61 [Pikel/+0 whip of flaming (4)]
  3319 | D:3      | Killed Pikel
  3320 | D:3      | Reached skill level 10 in Fighting
  3320 | D:3      | Reached skill level 3 in Armour
  3320 | D:3      | Reached skill level 1 in Shields
  3320 | D:3      | Reached XP level 7. HP: 15/72 MP: 6/6
  3612 | D:4      | Identified the ring of Buifydu {rCorr Str+2 Dex+3}
  3655 | D:3      | Reached skill level 2 in Shields
  3835 | D:4      | Reached XP level 8. HP: 79/79 MP: 7/7
  3868 | D:4      | Noticed a two-headed ogre
  3912 | D:4      | Killed a two-headed ogre
  3913 | D:4      | Reached skill level 5 in Armour
  3913 | D:4      | Reached skill level 5 in Shields
  3913 | D:4      | Reached skill level 7 in Axes
  4177 | D:4      | Found a broken altar of Ashenzari.
  4277 | D:4      | Found a transporter.
  4355 | D:4      | Found a transporter.
  4364 | D:4      | Found a staircase to the Ecumenical Temple.
  4702 | Temple   | Entered the Ecumenical Temple
  5285 | D:4      | Reached skill level 8 in Axes
  5387 | D:5      | Entered Level 5 of the Dungeon
  5414 | D:5      | Found a runed translucent door.
  5417 | D:5      | Noticed lyrixa's ghost (novice DsWn)
  5605 | D:5      | Reached XP level 9. HP: 85/85 MP: 8/8
  5721 | D:5      | Reached skill level 9 in Axes
  6275 | D:5      | Reached **** piety under Trog
  6592 | D:5      | Killed lyrixa's ghost
  6593 | D:5      | Reached skill level 10 in Axes
  6746 | D:6      | Found a sand-covered staircase.
  6753 | Ossuary  | Entered an ossuary
  7175 | D:6      | Reached skill level 11 in Axes
  7279 | D:6      | Found a glowing drain.
  7286 | Sewer    | Entered a sewer
  7934 | Sewer    | Reached skill level 12 in Axes
  7936 | Sewer    | Reached ***** piety under Trog
  8405 | D:6      | Noticed Grinder
  8420 | D:6      | Killed Grinder
  8868 | D:7      | Found a flagged portal.
  8877 | Bailey   | Entered a bailey
  8974 | Bailey   | HP: 29/127 [electric eel/bolt of electricity (8)]
  8976 | Bailey   | Reached skill level 13 in Axes
  9052 | Bailey   | Received a gift from Trog
  9076 | Bailey   | HP: 8/85 [orc warrior/+0 broad axe (16)]
  9432 | Bailey   | Reached XP level 10. HP: 91/93 MP: 9/9
  9928 | Bailey   | HP: 23/93 [orc warrior/+0 war axe (8)]
  9933 | Bailey   | HP: 11/93 [orc warrior/+0 war axe (4)]
  9936 | Bailey   | HP: 2/93 [electric eel/bolt of electricity (10)]
  9941 | Bailey   | HP: 10/139 [orc warrior/+0 war axe (5)]
  9944 | Bailey   | Killed from afar by an electric eel

Illustrated notes

Levels and vault maps discovered:
D:1:      nicolae_arrival_washed_ashore, layout_rooms, serial_shops,
          nicolae_shop_overgrown_old_shop
D:2:      layout_basic, shapermc_ecumenical_altar_mp_urbaneastern, uniq_sigmund
D:3:      layout_loops_ring, goddamned_bats
D:4:      gammafunk_cloud_chamber, layout_gridville, evilmike_ruin_ashenzari,
          minmay_temple_entry_drinking_statues, uniq_pikel
D:5:      layout_loops_corners, hellmonk_ghost_happy_afterlife
D:6:      layout_loops_corners, nicolae_ossuary_entry_giza,
          gup_sewer_entry_bubbles, st_stairs_7, uniq_grinder
D:7:      layout_basic, enter_bailey_6, kennysheep_path_1, corexii_corridor_pit,
          kennysheep_generic_room_14
Temple:   mainiacjoe_temple_starburst
Bailey:   bailey_axe_of_yendor_kennysheep, bailey

Skill      XL: |  1  2  3  4  5  6  7  8  9 |
---------------+----------------------------+-----
Axes           | 4 5 6 8 13 | 13.7
Fighting       | 4 5 6 10 | 10.0
Armour         | 3 5 |  5.0
Shields        | 1 2 5 |  5.0
Dodging        | |  2.2

Action                   |  1- 3 |  4- 6 |  7- 9 | 10-12 || total
-------------------------+-------+-------+-------+-------++-------
Melee: Hand axe          |    67 |   157 |   413 |       ||   637
       Headbutt          |     9 |    26 |    88 |     7 ||   130
       Punch             |       |     1 |       |       ||     1
       Broad axe         |       |       |     4 |    48 ||    52
Throw: Stone             |     3 |       |       |       ||     3
       Dart              |       |       |    10 |       ||    10
Invok: Berserk           |       |     1 |     4 |     1 ||     6
  Use: Scroll            |       |     3 |     6 |       ||     9
       Potion            |       |       |       |     1 ||     1
Armor: Animal skin       |     6 |       |       |       ||     6
       Chain mail        |     2 |    23 |       |       ||    25
       Plate armour      |       |    51 |   115 |     3 ||   169
Dodge: Dodged            |    51 |    92 |   123 |    14 ||   280
Block: Buckler           |       |    13 |    51 |     9 ||    73

Table legend: (Time is in decaauts)
 A = Elapsed time spent in this place.
 B = Non-inter-level travel time spent in this place.
 C = Inter-level travel time spent in this place.
 D = Time resting spent in this place.
 E = Time spent auto-exploring this place.
 F = Levels seen in this place.
 G = Mean time per level.
                   A        B        C        D        E       F      G
               +--------+--------+--------+--------+--------+-----+--------+
         Total |  10135 |   9853 |    282 |   1187 |   5807 |  11 |  921.4 |
       Dungeon |   7387 |   7141 |    246 |    663 |   4572 |   7 | 1055.3 |
        Temple |    553 |    517 |     36 |      0 |    510 |   1 |  553.0 |
         Sewer |    991 |    991 |      0 |      0 |    724 |   1 |  991.0 |
       Ossuary |    118 |    118 |      0 |      0 |      0 |   1 |  118.0 |
        Bailey |   1084 |   1084 |      0 |    524 |      0 |   1 | 1084.0 |
               +--------+--------+--------+--------+--------+-----+--------+

Top non-repeatable levels by time:
     D:3: 1474 daAuts
     D:2: 1464 daAuts
     D:5: 1313 daAuts
     D:4: 1242 daAuts
     D:6: 1188 daAuts
  Bailey: 1084 daAuts
   Sewer: 991 daAuts
     D:1: 696 daAuts
  Temple: 553 daAuts
 Ossuary: 118 daAuts
     D:7: 8 daAuts

Table legend:
 A = Kills in this place as a percentage of kills in entire the game.
 B = Kills by you in this place as a percentage of kills by you in the entire game.
 C = Kills by friends in this place as a percentage of kills by friends in the entire game.
 D = Other kills in this place as a percentage of other kills in the entire game.
 E = Experience gained in this place as a percentage of experience gained in the entire game.
 F = Experience gained in this place divided by the number of levels of this place that you have seen.
                   A       B       C       D       E      F
               +-------+-------+-------+-------+-------+----------------------
         Total | 100.0 | 100.0 |   N/A |   N/A | 100.0 | 572.1
       Dungeon |  70.5 |  70.5 |   N/A |   N/A |  70.6 | 634.6
         Sewer |  12.3 |  12.3 |   N/A |   N/A |   9.3 | 583.0
       Ossuary |   7.0 |   7.0 |   N/A |   N/A |   2.5 | 156.0
        Bailey |  10.1 |  10.1 |   N/A |   N/A |  17.7 | 1112.0
               +-------+-------+-------+-------+-------+----------------------
